 Dungeon Crawl Stone Soup version 0.31-a0-221-gbddc013574 (webtiles) character file.

Game seed: 9161124140827737937

357 funkygono the Chopper (level 6, -11/55 HPs)
             Began as a Minotaur Fighter on July 4, 2023.
             Killed by divine providence
             ... invoked by an orc priest
              (14 damage)
             ... on level 4 of the Dungeon.
             The game lasted 00:04:33 (3072 turns).

funkygono the Chopper (Minotaur Fighter)            Turns: 3072, Time: 00:04:34

Health: -11/55     AC: 14    Str: 28    XL:     6   Next: 36%
Magic:  5/5        EV:  6    Int:  5    God:
Gold:   172        SH:  8    Dex: 10    Spells: 5/5 levels left

rFire   . . .        a - +0 war axe
rCold   . . .        l - +0 kite shield
rNeg    . . .        k - +0 plate armour
rPois   .            (helmet restricted)
rElec   .            i - +0 cloak
rCorr   .            (no gloves)
SInv    .            b - +0 pair of boots
Will    .....        (no amulet) Stlth
                     h - +6 ring of strength
HPRegen 0.29/turn    (no ring)
MPRegen 0.09/turn

%: no passive effects
@: no status effects
A: horns 2, retaliatory headbutt
a: no special abilities


You were on level 4 of the Dungeon.
You visited 1 branch of the dungeon, and saw 4 of its levels.

You collected 172 gold pieces.

Inventory:

Hand Weapons
 a - a +0 war axe (weapon)
Missiles
 c - a throwing net
 e - 38 stones
Armour
 b - a +0 pair of boots (worn)
 i - a +0 cloak (worn)
 k - a +0 plate armour (worn)
 l - a +0 kite shield (worn)
 m - the +3 ring mail of Voracious the Leaf {+Inv Will++ Str-2 Dex-3}
   (You found it on level 2 of the Dungeon)

   Str:       It affects your strength (-2).
   Dex:       It affects your dexterity (-3).
   +Inv:      It lets you turn invisible.
   Will:      It greatly increases your willpower.
Jewellery
 h - a +6 ring of strength (left hand)
Scrolls
 g - a scroll of revelation
 j - 4 scrolls of identify
 n - a scroll of vulnerability {unknown}
 o - a scroll of amnesia
Potions
 d - a potion of might
 f - 2 potions of curing


   Skills:
 + Level 4.8 Fighting
 + Level 5.8 Axes
 + Level 5.2 Armour
 + Level 0.1 Dodging
 + Level 0.4 Stealth
 + Level 4.5 Shields


You had 5 spell levels left.
You didn't know any spells.
Your spell library contained the following spells:

 Spells                   Type           Power      Damage    Failure   Level
 Ozocubu's Armour         Ice            0%         N/A       100%        3
 Ozocubu's Refrigeration  Ice            0%         4d7       100%        7


Dungeon Overview and Level Annotations

Branches:
Dungeon (4/15)
 Temple: D:4-7

Altars:
Nemelex Xobeh


Innate Abilities, Weirdness & Mutations

You have a pair of horns on your head.
You reflexively headbutt those who attack you in melee.


Message History

You hit the orc wizard.
The orc wizard is lightly wounded.
You hit the orc. You block the orc's attack.
An orc comes into view. It is wielding a +0 hand axe.
The orc wizard casts a spell at you. You resist with some effort.
You barely miss the orc wizard.
The orc wizard is lightly wounded.
You completely miss the orc. The orc hits you but does no damage.
The orc wizard casts a spell at you. The magic dart hits you.
The orc priest invokes the aid of Beogh against you.
Beogh smites you!
An orc comes into view. It is wielding a +0 club.
You block the orc's attack.
The orc wizard hits you with the +11 hand axe of Slow Death {speed, rElec Str+2 Dex+3 SInv}.
* * * LOW HITPOINT WARNING * * *
The orc shouts!
You closely miss the orc wizard.
The orc wizard is lightly wounded.
You hit the orc.
The orc wizard points at you and mumbles some strange words.
You resist with some effort. The orc hits you but does no damage.
You slash the orc wizard!
The orc wizard is almost dead.
You hit the orc but do no damage.
The orc wizard points at you and mumbles some strange words.
The magic dart hits you but does no damage.
The orc hits you with a +0 hand axe.
* * * LOW HITPOINT WARNING * * *
The orc priest invokes the aid of Beogh against you.
Beogh smites you!
* * * LOW HITPOINT WARNING * * *
You slash the orc wizard!
You kill the orc wizard!
You hit the orc.
You kill the orc!
The orc priest mumbles some strange prayers to Beogh against you.
Beogh smites you!
You die...

#..#
#..........####.#
##..#
#######'####
###.# #.# # ..
#.# # ... #.# #
### #.# # #.# #
#..#####.###### #
#..ooo)@........
#
#.#..###)#######
#. .... # #.###
#.# #.# ..# ##


You could see an orc priest and 2 orcs.

Vanquished Creatures
  3 hounds
  An orc priest (D:4)
  5 orc wizards (D:4)
  4 gnolls (D:4)
  A dart slug (D:1)
  11 orcs
  3 ball pythons (D:2)
  8 endoplasms
  6 giant cockroaches
  10 goblins
  7 hobgoblins
  6 jackals
  6 kobolds
  7 quokkas
  A bat (D:2)
  6 frilled lizards
  5 rats
90 creatures vanquished.

Notes
Turn   | Place    | Note
-------+----------+-------------------------------------------
     0 | D:1      | funkygono the Minotaur Fighter began the quest for the Orb.
     0 | D:1      | Reached XP level 1. HP: 19/19 MP: 0/0
     3 | D:1      | Noticed an electric eel
   256 | D:1      | Reached XP level 2. HP: 27/27 MP: 1/1
   563 | D:1      | Reached XP level 3. HP: 33/33 MP: 2/2
  1186 | D:2      | Identified the +3 ring mail of Voracious the Leaf {+Inv
                  | Will++ Str-2 Dex-3}
  1379 | D:2      | Found a faded altar of an unknown god.
  1688 | D:3      | Reached XP level 4. HP: 36/41 MP: 3/3
  2175 | D:3      | Found a sparkling altar of Nemelex Xobeh.
  2473 | D:4      | Reached XP level 5. HP: 47/47 MP: 4/4
  2795 | D:4      | Reached skill level 5 in Axes
  2801 | D:4      | Reached skill level 5 in Armour
  2922 | D:4      | Reached XP level 6. HP: 44/53 MP: 5/5
  3059 | D:4      | Identified the +11 hand axe of Slow Death {speed, rElec
                  | Str+2 Dex+3 SInv}
  3071 | D:4      | HP: 2/55 [orc priest/divine providence (9)]
  3072 | D:4      | Killed from afar by an orc priest

Illustrated notes

Levels and vault maps discovered:
D:1:      arrival_aquarium_a, layout_loops_corners, st_stairs_3
D:2:      layout_basic, hellmonk_ecumenical_altar_leap_of_faith,
          minmay_small_reverse_x
D:3:      layout_basic, nemelex_altar_shiori
D:4:      layout_basic

Skill      XL: |  1  2  3  4  5 |
---------------+----------------+-----
Shields        | 4 |  4.5
Fighting       | 4 |  4.8
Armour         | 4 5 |  5.2
Axes           | 3 4 5 |  5.8
Dodging        | |  0.1
Stealth        | |  0.4

Action                     |  1- 3 |  4- 6 || total
---------------------------+-------+-------++-------
  Melee: War axe           |   107 |    99 ||   206
         Headbutt          |    10 |    14 ||    24
    Use: Scroll            |     5 |     2 ||     7
 Armour: Scale mail        |     9 |       ||     9
         Chain mail        |    54 |       ||    54
         Plate armour      |     2 |    74 ||    76
  Dodge: Dodged            |    49 |    24 ||    73
  Block: Buckler           |    18 |       ||    18
         Kite shield       |       |    45 ||    45

Table legend: (Time is in decaauts)
 A = Elapsed time spent in this place.
 B = Non-inter-level travel time spent in this place.
 C = Inter-level travel time spent in this place.
 D = Time resting spent in this place.
 E = Time spent auto-exploring this place.
 F = Levels seen in this place.
 G = Mean time per level.
                   A        B        C        D        E       F      G
               +--------+--------+--------+--------+--------+-----+--------+
         Total |   3149 |   3063 |     86 |    100 |   2220 |   4 |  787.2 |
       Dungeon |   3149 |   3063 |     86 |    100 |   2220 |   4 |  787.2 |
               +--------+--------+--------+--------+--------+-----+--------+

Top non-repeatable levels by time:
     D:1: 930 daAuts
     D:3: 846 daAuts
     D:2: 714 daAuts
     D:4: 658 daAuts
